 Dungeon Crawl Stone Soup version 0.25-a0-201-g0bb11aece9 (webtiles) character file.

Game seed: 13879020765135439597, levelgen mode: deterministic

175 floatRand the Shield-Bearer (level 5, -1/36 HPs)
             Began as an Octopode Fighter on Dec 2, 2019.
             Killed by nerve-wracking pain
             ... invoked by a shadow imp
             ... summoned by Natasha
              (10 damage)
             ... on level 3 of the Dungeon.
             The game lasted 00:03:29 (2558 turns).

floatRand the Shield-Bearer (Octopode Fighter)      Turns: 2558, Time: 00:03:30

Health: -1/36      AC:  1    Str: 16    XL:     5   Next: 55%
Magic:  5/5        EV: 11    Int: 10    God:
Gold:   145        SH:  8    Dex: 12    Spells: 4/4 levels left

rFire    + . .     SeeInvis .   e - +1 short sword (venom)
rCold    . . .     Gourm    .   b - +0 shield
rNeg     . . .     Faith    .   (helmet restricted)
rPois    .         Spirit   .   (no amulet)
rElec    .         Reflect  .   p - ring of protection from fire
rCorr    .         Harm     .   (no ring)
MR       .....                  (no ring)
Stlth    +++.......             (no ring)
HPRegen  0.12/turn              (no ring)
MPRegen  0.09/turn              (no ring)
                                (no ring)
                                (no ring)

@: heavily drained
A: almost no armour, stealthy swim, amphibious, 8 rings, constrict 8, camouflage
1, gelatinous body 1
a: no special abilities


You were on level 3 of the Dungeon.
You were not hungry.

You visited 1 branch of the dungeon, and saw 3 of its levels.

You collected 145 gold pieces.

Inventory:

Hand Weapons
 a - a +0 long sword
 e - a +1 short sword of venom (weapon)
 i - a +0 dagger of venom
Armour
 b - a +0 shield (worn)
Jewellery
 p - a ring of protection from fire (left tentacle)
Scrolls
 f - a scroll of identify
 h - a scroll of amnesia {unknown}
 k - 2 scrolls of teleportation
Potions
 c - 2 potions of might
 g - a potion of heal wounds
 o - a potion of curing
Comestibles
 d - 8 rations


   Skills:
 + Level 3.3(1.9) Fighting
 + Level 3.3(1.9) Long Blades
 + Level 3.3(1.9) Dodging
 + Level 3.7(2.3) Stealth
 + Level 4.0(2.6) Shields


You had 4 spell levels left.
You didn't know any spells.
Your spell library was empty.

Dungeon Overview and Level Annotations

Branches:
Dungeon (3/15)

Altars:

Annotations:
D:3 Natasha


Innate Abilities, Weirdness & Mutations

You cannot wear most types of armour.
You are very stealthy in the water. (Stealth+)
You are amphibious.
You can wear up to eight rings at the same time.
You can use your tentacles to constrict eight enemies at once.
Your skin changes colour to match your surroundings (Stealth+).
Your rubbery body absorbs attacks. (AC +1, EV +1)


Message History

The white imp is almost dead.
You constrict the white imp.
You kill the white imp!
Natasha casts a spell.
Natasha claws you.
You are too injured to fight recklessly!
You miss Natasha. Your grab misses Natasha. Your squeeze misses Natasha.
You block the adder's attack.
Natasha mumbles some strange words.
You feel disoriented. Natasha casts a spell at you. The magic dart hits you!
* * * LOW HITPOINT WARNING * * *
Unknown command.
You hit Natasha. Your grab misses Natasha. Your squeeze misses Natasha.
Natasha is heavily wounded.
You block the adder's attack. You block Natasha's attack.
The shadow imp gestures at you. Pain shoots through your body!
You die...

.............# #.# #.#...##...
<)####.......# #.####.##.####.#
.)รท.....##...# #......##...##.#
#.####..##...#############.......
#.# #..##.......# #..........#
#.# #..##.#.###.# #.###.#.####
#.# #..##....##5# ##.###.#.....
..# #..##)....h.####...##.#..###
...............S@.....#.......#
.###....#........####...##.####
#..#..........# ##.###.######
##...##....#.## #........... #.#
#...(#.# #####.......
#.###..###.# #######. . # ..#..#
#.# #.# #. #.#..# #.# ##.
##<###.#..# #.# ##


You could see Natasha, an adder and a shadow imp.

Vanquished Creatures
  Natasha (D:3)
  An orc wizard (D:3)
  Robin (D:3)
  2 adders
  A worm (D:2)
  A dart slug (D:1)
  4 leopard geckos
  8 orcs (D:3)
  5 giant cockroaches
  11 goblins
  11 hobgoblins
  10 jackals
  9 kobolds
  A ball python (D:1)
  8 bats
  4 frilled lizards
  11 rats
89 creatures vanquished.

Notes
Turn   | Place    | Note
-------+----------+-------------------------------------------
     0 | D:1      | floatRand the Octopode Fighter began the quest for the Orb.
     0 | D:1      | Reached XP level 1. HP: 16/16 MP: 1/1
   107 | D:1      | Reached skill level 1 in Stealth
   112 | D:1      | Reached XP level 2. HP: 21/21 MP: 2/2
   225 | D:1      | HP: 1/31 [poisoned by a kobold]
   316 | D:1      | Reached XP level 3. HP: 24/26 MP: 3/3
  1069 | D:2      | Reached XP level 4. HP: 31/31 MP: 4/4
  1818 | D:3      | Noticed Natasha
  1828 | D:3      | Killed Natasha
  1828 | D:3      | Reached XP level 5. HP: 36/36 MP: 5/5
  1948 | D:3      | Reached skill level 4 in Shields
  2248 | D:3      | Identified the +2 helmet "Nawouff" {MR++ Str-2 Int+3
                  | Slay+3}
  2248 | D:3      | Noticed Robin
  2288 | D:3      | Killed Robin
  2547 | D:3      | Noticed Natasha
  2558 | D:3      | Killed from afar by a shadow imp

Levels and vault maps discovered:
D:1:      minmay_arrival_cross, layout_loops_cross
D:2:      layout_rooms, chequers_serial_rivers_small_b
D:3:      layout_loops_ring, lemuel_crystal_altar, uniq_robin, uniq_natasha,
          uniq_jessica

Skill      XL: |  1  2  3  4  5 |
---------------+----------------+-----
Stealth        | 1 2 3 |  3.7
Long Blades    | 3 |  3.3
Shields        | 4 |  4.0
Fighting       | |  3.3
Dodging        | |  3.3

Action                   |  1- 3 |  4- 6 || total
-------------------------+-------+-------++-------
Melee: Long sword        |     9 |       ||     9
       Constrict         |    21 |    18 ||    39
       Dagger            |    22 |       ||    22
       Tentacles         |    13 |    12 ||    25
       Short sword       |    45 |    85 ||   130
  Use: Potion            |     3 |     1 ||     4
       Scroll            |       |     8 ||     8
 Stab: Sleeping          |    11 |     4 ||    15
  Eat: Chunk             |     1 |     4 ||     5
Armor: Skin              |    10 |     2 ||    12
Dodge: Dodged            |    30 |    30 ||    60
Block: Shield            |    38 |    56 ||    94
       Rpst.: Long sword |     4 |       ||     4

Table legend:
 A = Non-vault XP
 B = Vault XP
 C = Vault XP percentage of total XP
 D = Non-vault monster count
 E = Vault monster count
 F = Vault count percentage of total count
                 A         B        C        D         E       F
            +---------+---------+-------+---------+---------+-------
      Total |     181 |      69 |  27.6 |      77 |      12 |  13.5
            +---------+---------+-------+---------+---------+-------
        D:1 |      47 |       0 |   0.0 |      27 |       0 |   0.0
        D:2 |      61 |       0 |   0.0 |      29 |       0 |   0.0
        D:3 |      73 |      69 |  48.6 |      21 |      12 |  36.4
            +---------+---------+-------+---------+---------+-------
